 Dungeon Crawl Stone Soup version 0.18-a0-1396-g8753ca6 (webtiles) character file.

19770 HEYYEYAAE the Transmogrifier (level 12, -3/66 HPs)
             Began as a Spriggan Transmuter on Feb 23, 2016.
             Was a High Priest of Nemelex Xobeh.
             Slain by a blink frog (13 damage)
             ... on level 3 of the Lair of Beasts.
             The game lasted 00:42:58 (20405 turns).

HEYYEYAAE the Transmogrifier (Spriggan Transmuter) Turns: 20405, Time: 00:42:58

Health: -3/66      AC: 10    Str: 10    XL:     12   Next: 39%
Magic:  26/26      EV: 26    Int: 15    God:    Nemelex Xobeh [*****.]
Gold:   464        SH:  0    Dex: 17    Spells: 6 memorised, 10 levels left

rFire  . . .     SeeInvis +     m - +1 whip (venom)
rCold  . . .     Gourm    .     b - +0 robe
rNeg   + . .     Faith    .     (shield restricted)
rPois  .         Spirit   .     (helmet restricted)
rElec  .         Dismiss  .     q - +0 cloak
rCorr  .         Reflect  .     (gloves unavailable)
SustAt .         Harm     .     (boots unavailable)
MR     +++..                    g - amulet of rage
Stlth  ++........               k - +6 ring of protection
                                h - ring of positive energy

@: very quick, extremely resistant to hostile enchantments, unstealthy
A: unfitting armour, rugged brown scales 1, see invisible, herbivore 3, speed 3,
magic resistance 1, slow metabolism 2
a: Triple Draw, Deal Four, Stack Five, Renounce Religion, Evoke Berserk Rage


You were on level 3 of the Lair of Beasts.
You worshipped Nemelex Xobeh.
Nemelex Xobeh was extremely pleased with you.
You were not hungry.

You visited 3 branches of the dungeon, and saw 16 of its levels.
You also visited: Sewer and Bailey.

You collected 1078 gold pieces.
You spent 614 gold pieces at shops.

Inventory:

Hand Weapons
 m - a +1 whip of venom (weapon)
 x - a +2 mace of draining
 H - a +1 mace of freezing
Missiles
 s - 2 throwing nets (quivered)
 w - 5 arrows
Armour
 b - a +0 robe (worn)
 q - a +0 cloak (worn)
Jewellery
 e - an uncursed ring of teleportation
 g - an amulet of rage (around neck)
 h - a ring of positive energy (left hand)
 k - a +6 ring of protection (right hand)
Wands
 o - a wand of disintegration (4/24)
 z - a wand of teleportation (3/9)
 U - a wand of confusion (6/48)
 Y - a wand of lightning (9/15)
Scrolls
 a - a scroll of blinking
 f - a scroll of summoning
 j - 2 scrolls of teleportation
 r - 2 scrolls of magic mapping
 t - 9 scrolls of remove curse
 A - 3 scrolls of enchant armour
 G - 10 scrolls of enchant weapon
 P - a scroll of silence {unknown}
 R - a scroll of holy word
 T - a scroll of amnesia
 W - 2 scrolls of recharging
 X - a scroll of fear {unknown}
Potions
 n - 3 potions of flight
 p - 7 potions of curing
 u - 4 potions of might
 B - a potion of agility
 D - a potion of resistance {unknown}
 E - 5 potions of berserk rage {unknown}
 F - 4 potions of ambrosia
 K - 2 potions of cure mutation
 L - 3 potions of heal wounds
 M - 2 potions of lignification
 O - a potion of brilliance {unknown}
 S - a potion of invisibility {unknown}
 V - a potion of cancellation {unknown}
Miscellaneous
 c - a plain deck of escape
 i - an ornate deck of war {drawn: 5}
 l - an ornate deck of war {drawn: 2}
 v - a plain deck of escape
 y - an ornate deck of destruction
 C - a legendary deck of summoning {drawn: 4}
 I - a plain deck of war
 J - a legendary deck of escape {drawn: 1}
 N - a plain deck of escape {drawn: 1}
 Q - a disc of storms
Comestibles
 d - 11 bread rations
 Z - 8 fruits


   Skills:
 * Level 8.4 Fighting
 + Level 5.2 Armour
 + Level 10.5 Dodging
 + Level 6.6 Unarmed Combat
 * Level 9.5 Spellcasting
 + Level 11.4 Transmutations
 + Level 9.2 Evocations


You had 10 spell levels left.
You knew the following spells:

 Your Spells              Type           Power        Failure   Level  Hunger
a - Beastly Appendage     Trmt           #####.       1%          1    None
b - Sticks to Snakes      Trmt           #####...     1%          2    None
c - Spider Form           Trmt/Pois      ###.......   2%          3    #......
d - Blade Hands           Trmt           #####.....   2%          5    #####..
e - Mephitic Cloud        Conj/Pois/Air  #.......     34%         3    #......
f - Hydra Form            Trmt           #####.....   17%         6    ######.


Dungeon Overview and Level Annotations

Branches:
Dungeon (12/15)            Temple (1/1) D:7            Lair (3/8) D:11
    Orc (0/2) D:11
  Swamp: Lair:3-6    Shoals: Lair:3-6     Snake: Lair:3-6    Spider: Lair:3-6

Altars:
Ashenzari
Cheibriados
Dithmenos
Elyvilon
Fedhas
Gozag
Kikubaaqudgha
Makhleb
Nemelex Xobeh
Okawaru
Pakellas
Qazlal
Ru
Sif Muna
Trog
Vehumet
Xom
Yredelemnul
Zin
The Shining One

Shops:
D:7 =}??!

Annotations:
D:4 Duffy's ghost, amateur DECj


Innate Abilities, Weirdness & Mutations

You are tiny and cannot use many weapons and most armour.
You have supernaturally acute eyesight.
You are an herbivore.
You cover ground extremely quickly.
You need consume almost no food.
You are partially covered in rugged brown scales (AC +1, +3% HP).
You are resistant to hostile enchantments.


Message History

The blink frog blinks!
The blink frog closely misses you.
Unknown command.
You hit the blink frog.
The blink frog is poisoned.
The blink frog is moderately wounded.
You kill the blink frog!
The blink frog completely misses you.
The blink frog blinks!
The blink frog completely misses you.
Unknown command.
You closely miss the blink frog.
The blink frog is moderately wounded.
The blink frog barely misses you. The blink frog hits you!
The blink frog closely misses you.
Unknown command.
You see here a blink frog corpse.
Evoke which item? (* to show all) (? for menu, Esc to quit)
You draw a card...
It is the Dance.
The blink frog hits you!
* * * LOW HITPOINT WARNING * * *
The blink frog blinks!
The blink frog hits you!
You die...
Your body glows with a rainbow of weird colours and disappears.

........#..
#..............##.
#...............##
#.................
##...... ..........
##...... .........##
#.F.#.# ..##.....###
#.#..###.###.....##.
#.@§.#...##......##
##§F(...#.......##.
##.#.....##.......#
#†..#######.....###
##..######P.....##.
#..##P#.##........
#.................
####.###..##.#####
### ####### #


You could see 2 blink frogs and a friendly executioner's axe of speed.

Vanquished Creatures
  An unseen horror (D:10)
  The ghost of Azzok the Unseen, a novice SpEn of Dithmenos (Lair:1)
  An orc knight (Bailey)
  A cyclops (D:10)
  3 elephants (Lair:2)
  A black mamba (Lair:1)
  7 spiny frogs
  3 kobold demonologists
  5 komodo dragons
  2 trolls
  A two-headed ogre (D:8)
  2 blink frogs (Lair:3)
  A wraith (D:11)
  12 yaks
  9 wolves
  6 hippogriffs
  A basilisk (Lair:3)
  A soldier ant (D:5)
  A porcupine (Lair:2)
  3 water moccasins
  A swamp drake (D:11)
  A sky beast (D:7)
  2 wasps
  2 ice beasts
  3 orc warriors
  A black bear (Lair:3)
  A phantom (D:10)
  A necrophage (D:10)
  An ogre (D:11)
  3 centaurs
  5 crocodiles
  3 big kobolds
  12 giant frogs
  8 howler monkeys
  A water moccasin skeleton (D:10)
  2 scorpions
  4 killer bees
  3 wights (D:7)
  A crimson imp (D:12)
  5 orc priests
  2 centaur skeletons
  3 giant frog zombies
  7 hounds
  A jelly (D:11)
  14 orc wizards
  4 iguanas
  7 worker ants
  6 hell rats (Lair:1)
  4 sheep (Lair:1)
  2 hound skeletons
  17 adders
  29 river rats
  7 oozes (Sewer)
  3 adder skeletons
  An adder zombie (D:9)
  2 worms
  2 dart slugs
  18 giant geckos
  44 orcs
  15 giant cockroaches
  13 goblins
  8 hobgoblins
  8 jackals
  6 quokkas
  7 ball pythons
  9 bats
  7 giant newts
  A jackal zombie (D:5)
  21 kobolds
  21 rats
411 creatures vanquished.

Vanquished Creatures (collateral kills)
  2 orc knights (Bailey)
  The ghost of tasslehoff34 the Ducker, a novice DsGl (D:7)
  Joseph (D:7)
  9 yaks
  A wolf (Lair:3)
  6 orc warriors
  An ogre (D:7)
  A big kobold (D:10)
  7 killer bees
  A crimson imp (D:10)
  An orc priest (D:5)
  An orc wizard (D:10)
  An iguana (Lair:1)
  4 sheep (Lair:1)
  24 river rats
  A worm (D:2)
  25 orcs
  A goblin (D:1)
  2 hobgoblins (D:1)
  A giant newt (D:1)
  4 kobolds (D:10)
  A rat (D:1)
  A fungus (Lair:3)
97 creatures vanquished.

Vanquished Creatures (others)
  An ogre (D:4)
  An orc (D:11)
  4 fungi
6 creatures vanquished.

Grand Total: 514 creatures vanquished

Notes
Turn   | Place    | Note
--------------------------------------------------------------
     0 | D:1      | HEYYEYAAE the Spriggan Transmuter began the quest for the Orb.
     0 | D:1      | Reached XP level 1. HP: 9/9 MP: 5/5
   157 | D:1      | Reached skill level 3 in Transmutations
   160 | D:1      | Reached XP level 2. HP: 12/14 MP: 6/6
   183 | D:1      | Learned a level 2 spell: Sticks to Snakes
   425 | D:1      | Reached skill level 1 in Fighting
   636 | D:1      | You fall through a shaft!
  1239 | D:2      | Reached XP level 3. HP: 14/18 MP: 8/8
  2095 | D:3      | Noticed a howler monkey
  2101 | D:3      | Killed a howler monkey
  2101 | D:3      | Reached XP level 4. HP: 18/22 MP: 0/9
  2390 | D:3      | Found a glowing drain.
  2397 | Sewer    | Entered a sewer
  2433 | Sewer    | Reached skill level 4 in Transmutations
  2757 | Sewer    | Gained mutation: You are partially covered in rugged brown scales (AC +1, +3% HP). [potion of beneficial mutation]
  2758 | Sewer    | Gained mutation: You are resistant to hostile enchantments. [potion of beneficial mutation]
  2841 | Sewer    | Reached XP level 5. HP: 26/26 MP: 11/11
  2849 | Sewer    | Learned a level 3 spell: Spider Form
  3429 | Sewer    | Learned a level 5 spell: Blade Hands
  3989 | Sewer    | Reached XP level 6. HP: 32/32 MP: 12/12
  3991 | Sewer    | Reached skill level 1 in Armour
  3991 | Sewer    | Reached skill level 5 in Transmutations
  3991 | Sewer    | Reached skill level 1 in Evocations
  5558 | D:4      | Reached XP level 7. HP: 16/36 MP: 14/14
  5764 | D:4      | Noticed Duffy's ghost (amateur DECj)
  6052 | D:5      | Entered Level 5 of the Dungeon
  6789 | D:5      | Reached skill level 5 in Dodging
  7111 | D:5      | Noticed Prince Ribbit
  7137 | D:5      | Noticed Prince Ribbit
  7137 | D:5      | Prince Ribbit changed into Prince Ribbit the soldier ant
  7162 | D:5      | Killed Prince Ribbit the soldier ant
  7162 | D:5      | Reached skill level 6 in Transmutations
  7925 | D:4      | Reached XP level 8. HP: 43/43 MP: 15/15
  8483 | D:5      | Reached skill level 5 in Spellcasting
  8489 | D:5      | HP: 3/64 [poisoned by a killer bee]
  8495 | D:5      | HP: 2/64 [poisoned by a killer bee]
  8503 | D:5      | HP: 2/64 [poisoned by a killer bee]
  9366 | D:6      | Found a sacrificial altar of Ru.
  9462 | D:6      | Reached skill level 7 in Transmutations
 10015 | D:7      | Noticed tasslehoff34's ghost (novice DsGl)
 10325 | D:7      | Found a staircase to the Ecumenical Temple.
 10333 | Temple   | Entered the Ecumenical Temple
 10429 | Temple   | Became a worshipper of Nemelex Xobeh the Trickster
 10483 | D:7      | Noticed Joseph
 10753 | D:7      | Found Plog's Gadget Emporium.
 10757 | D:7      | Bought a legendary deck of summoning for 286 gold pieces
 10782 | D:7      | Found Ogagen's Jewellery Shoppe.
 10817 | D:7      | Found Daybus's Magic Scroll Shoppe.
 10822 | D:7      | Bought a scroll of magic mapping for 42 gold pieces
 10833 | D:7      | Received a gift from Nemelex Xobeh
 10890 | D:7      | Killed tasslehoff34's ghost
 10890 | D:7      | Reached XP level 9. HP: 29/47 MP: 18/18
 11070 | D:7      | Reached skill level 5 in Fighting
 11217 | D:7      | Found Viuminoa's Magic Scroll Shop.
 11273 | D:7      | Killed Joseph
 11273 | D:7      | Reached skill level 8 in Transmutations
 11340 | D:7      | Found Wocvuut's Distillery.
 11343 | D:7      | Bought a potion of heal wounds for 55 gold pieces
 11490 | D:7      | Found a blossoming altar of Fedhas.
 11713 | D:8      | Reached * piety under Nemelex Xobeh
 11723 | D:8      | Received a gift from Nemelex Xobeh
 11952 | D:8      | Reached skill level 5 in Evocations
 12645 | D:9      | Reached skill level 9 in Transmutations
 12704 | D:9      | Reached ** piety under Nemelex Xobeh
 12882 | D:9      | Reached XP level 10. HP: 27/54 MP: 7/20
 13235 | D:10     | Entered Level 10 of the Dungeon
 13290 | D:10     | Received a gift from Nemelex Xobeh
 13678 | D:10     | Reached *** piety under Nemelex Xobeh
 13750 | D:10     | Received a gift from Nemelex Xobeh
 13857 | D:10     | Reached skill level 5 in Unarmed Combat
 13893 | D:10     | Noticed a cyclops
 14211 | D:10     | Killed a cyclops
 14296 | D:10     | Noticed an unseen horror
 14312 | D:10     | Killed an unseen horror
 14795 | D:11     | Reached skill level 10 in Transmutations
 14978 | D:11     | Found a flagged portal.
 14992 | Bailey   | Entered a bailey
 15185 | Bailey   | Noticed an orc knight
 15202 | Bailey   | Killed an orc knight
 15215 | Bailey   | Noticed an orc knight
 15215 | Bailey   | Noticed an orc knight
 15243 | Bailey   | Killed an orc knight
 15243 | Bailey   | Reached XP level 11. HP: 28/59 MP: 16/23
 15307 | Bailey   | Killed an orc knight
 15535 | D:11     | Found a staircase to the Lair.
 15825 | D:12     | Received a gift from Nemelex Xobeh
 16148 | D:11     | Found a staircase to the Orcish Mines.
 16593 | D:7      | Bought a wand of teleportation (3/9) for 231 gold pieces
 16730 | Lair:1   | Entered Level 1 of the Lair of Beasts
 16878 | Lair:1   | Noticed Azzok's ghost (novice SpEn)
 16890 | Lair:1   | Killed Azzok's ghost
 17073 | Lair:1   | Received a gift from Nemelex Xobeh
 17280 | Lair:1   | Reached **** piety under Nemelex Xobeh
 17534 | Lair:1   | Learned a level 3 spell: Mephitic Cloud
 17541 | Lair:1   | Learned a level 6 spell: Hydra Form
 18161 | Lair:2   | Received a gift from Nemelex Xobeh
 18412 | Lair:2   | Reached skill level 10 in Dodging
 18412 | Lair:2   | Reached skill level 11 in Transmutations
 18679 | Lair:2   | Reached XP level 12. HP: 40/65 MP: 16/25
 19070 | Lair:2   | Reached skill level 5 in Armour
 19983 | Lair:3   | Received a gift from Nemelex Xobeh
 20210 | Lair:3   | Reached ***** piety under Nemelex Xobeh
 20405 | Lair:3   | Slain by a blink frog

Vault maps used:
D:1:      nicolae_arrival_washed_ashore
D:3:      mumra_celtic_spiral_tile, lightli_sewer_entry_pipes, first_bread
D:4:      minmay_crossroads
D:5:      uniq_prince_ribbit1
D:6:      old_standard_altar, kennysheep_crisscross
D:7:      kennysheep_mini_moat, minmay_temple_entry_overgrown, serial_shops,
          nicolae_shop_behind_doors, kennysheep_little_box, shop,
          shop_fountains, nicolae_shop_trees, grunt_ogre_cave, uniq_joseph
D:11:     lair_0_dummy, erik_orc_1, enter_bailey_3, hangedman_decor_peaks_small,
          grunt_decor_resistance
D:12:     item_on_display_a
Temple:   kilobyte_greek_temple_18
Lair:1:   lemuel_ratsnest
Lair:3:   minmay_swamp_entry_reptiles, lemuel_fruit_fields, grunt_megastairs_2
Sewer:    sewer_frog_island_02
Bailey:   bailey_polearm_5, bailey

Skill      XL: |  1  2  3  4  5  6  7  8  9 10 11 12 |
---------------+-------------------------------------+-----
Transmutations | 3 4 5 6 7 9 10 11 | 11.4
Fighting       | 1 2 3 4 5 7 8 |  8.4
Dodging        | 4 5 6 7 8 10 | 10.5
Spellcasting   | 3 4 5 6 7 8 9 |  9.5
Unarmed Combat | 3 4 5 6 |  6.6
Armour         | 1 2 3 4 5 |  5.2
Evocations     | 2 4 5 7 8 9 |  9.2

Action                   |  1- 3 |  4- 6 |  7- 9 | 10-12 || total
-------------------------+-------+-------+-------+-------++-------
Melee: Mace              |   111 |   285 |   419 |   495 ||  1310
       Unarmed           |       |    14 |    14 |   311 ||   339
       Whip              |       |       |       |    40 ||    40
 Cast: Sticks to Snakes  |    10 |     2 |    21 |    88 ||   121
       Spider Form       |       |     1 |       |       ||     1
       Blade Hands       |       |       |     3 |    28 ||    31
 Abil: Evoke Berserk Rag |       |     3 |     3 |     1 ||     7
Evoke: Wand              |       |       |    39 |    25 ||    64
       Deck              |       |       |     5 |    13 ||    18
  Use: Scroll            |       |    14 |     6 |    10 ||    30
       Potion            |       |     6 |     3 |     2 ||    11
 Stab: Sleeping          |     5 |     1 |     4 |     4 ||    14
       Distracted        |       |     1 |       |     7 ||     8
       Confused          |       |       |       |    13 ||    13
  Eat: Bread ration      |       |     1 |     1 |     1 ||     3
       Pizza             |       |       |     3 |     8 ||    11
       Royal jelly       |       |       |       |     1 ||     1
